 Dungeon Crawl Stone Soup version 0.22.1-1-ga44c0e5 (webtiles) character file.

51 Folque the Firebug (level 3, -1/24 HPs)
             Began as a Demonspawn Fire Elementalist on Oct 26, 2018.
             Slain by a goblin
             ... wielding a +0 club
             ... led by Robin
              (3 damage)
             ... on level 2 of the Dungeon.
             The game lasted 00:05:47 (1335 turns).

Folque the Firebug (Demonspawn Fire Elementalist)   Turns: 1335, Time: 00:05:48

Health: -1/24      AC:  2    Str:  8    XL:     3   Next: 57%
Magic:  0/7        EV: 12    Int: 17    God:
Gold:   112        SH:  0    Dex: 13    Spells: 0/7 levels left

rFire    . . .     SeeInvis .   j - +0 flail
rCold    . . .     Gourm    .   (no shield)
rNeg     . . .     Faith    .   a - +0 robe
rPois    .         Spirit   .   (helmet restricted)
rElec    .         Reflect  .   (no cloak)
rCorr    .         Harm     .   (no gloves)
MR       .....                  (no boots)
Stlth    ++........             (no amulet)
HPRegen  0.08/turn              (no ring)
MPRegen  0.10/turn              (no ring)

@: hasted, very quick
A: horns 1
a: no special abilities


You were on level 2 of the Dungeon.
You were not hungry.

You visited 1 branch of the dungeon, and saw 2 of its levels.

You collected 112 gold pieces.

Inventory:

Hand Weapons
 g - a +0 whip
 j - a +0 flail (weapon)
Armour
 a - a +0 robe (worn)
Scrolls
 b - a scroll of teleportation {unknown}
 d - a scroll of immolation {unknown}
 e - a scroll of random uselessness {unknown}
 h - a scroll of magic mapping {unknown}
Comestibles
 c - 6 rations
 f - 3 chunks of flesh


   Skills:
 - Level 1.7 Dodging
 - Level 1.7 Stealth
 * Level 2.9 Spellcasting
 + Level 2.0 Conjurations
 - Level 3.1 Fire Magic


You couldn't memorise any spells.
You knew the following spells:

 Your Spells              Type           Power        Failure   Level  Hunger
a - Flame Tongue          Conj/Fire      ##...        6%          1    None
b - Conjure Flame         Conj/Fire      ##......     19%         3    ###....
c - Inner Flame           Hex/Fire       #.......     28%         3    ###....

Your spell library contained the following spells:

 Spells                   Type           Power        Failure   Level  Hunger
 Throw Flame              Conj/Fire      ##....       10%         2    ##.....
 Sticky Flame             Conj/Fire      ##......     52%         4    ####...
 Fireball                 Conj/Fire      ##........   86%         5    ######.


Dungeon Overview and Level Annotations

Branches:
Dungeon (2/15)

Altars:
Cheibriados

Annotations:
D:2 Robin


Innate Abilities, Weirdness & Mutations

You have a pair of small horns on your head.


Message History

A goblin comes into view.
The goblin hits you.
Casting: Flame Tongue (safe; 6% risk of failure)
Confirm with . or Enter, or press ? or * to list all spells.
Aiming: Flame Tongue (safe; 6% risk of failure)
Press: ? - help, Shift-Dir - straight line, p - goblin The flame tongue misses the goblin.
The goblin barely misses you. The goblin hits you with a club.
* * * LOW HITPOINT WARNING * * *
It was a potion of haste.
You feel yourself speed up. The goblin closely misses you.
The goblin barely misses you.
Robin roars a battlecry!
Casting: Flame Tongue (safe; 6% risk of failure)
Confirm with . or Enter, or press ? or * to list all spells.
Aiming: Flame Tongue (safe; 6% risk of failure)
Press: ? - help, Shift-Dir - straight line The flame tongue misses the goblin.
The goblin hits you.
* * * LOW HITPOINT WARNING * * *
The goblin hits you with a club.
You die...

#.# #..####..##.#
#.###........##.#
#...............#
#.........##.####
##.##..<..(#.# ######
#.##........# #.<..
#.###.......# #.#..
#.####...#### #.#.##
#.g@ggg.## #.#...
######g..# ####.#.## #...#
#(....... # #g..# #.#......
#. #g..# #(#......
###.#########..(###)#..#..#
#..)...#.g.....(.......#..#
#......g.g......(.......>.#
#...##.#...................


You could see Robin and 4 goblins.

Vanquished Creatures
  An adder (D:2)
  A worm (D:2)
  A dart slug (D:2)
  2 leopard geckos
  2 giant cockroaches
  8 goblins
  A hobgoblin (D:1)
  4 kobolds
  2 quokkas (D:2)
  2 bats
  4 frilled lizards
  8 rats
36 creatures vanquished.

Notes
Turn   | Place    | Note
-------+----------+-------------------------------------------
     0 | D:1      | Folque the Demonspawn Fire Elementalist began the quest for
                  | the Orb.
     0 | D:1      | Reached XP level 1. HP: 13/13 MP: 3/3
   355 | D:1      | Reached skill level 3 in Fire Magic
   359 | D:1      | Gained mutation: You have a pair of small horns on your
                  | head. [demonic ancestry]
   359 | D:1      | Reached XP level 2. HP: 19/19 MP: 1/5
   600 | D:1      | You fall through a shaft!
   858 | D:2      | Found a snail-covered altar of Cheibriados.
  1112 | D:2      | Reached XP level 3. HP: 16/24 MP: 2/6
  1120 | D:2      | Learned a level 3 spell: Conjure Flame
  1124 | D:2      | Learned a level 3 spell: Inner Flame
  1300 | D:2      | Noticed Robin
  1335 | D:2      | Slain by a goblin

Skill      XL: |  1  2  3 |
---------------+----------+-----
Fire Magic     | 3 |  3.1
Conjurations   | 2 |  2.0
Dodging        | |  1.7
Stealth        | |  1.7
Spellcasting   | |  2.9

Action                   || total
-------------------------++-------
Melee: Unarmed           ||    30
       Whip              ||    25
       Headbutt          ||     2
       Flail             ||     7
 Cast: Flame Tongue      ||    51
  Use: Potion            ||     1
 Stab: Sleeping          ||     1
  Eat: Chunk             ||     2
Armor: Robe              ||    22
Dodge: Dodged            ||    62
